 Dungeon Crawl Stone Soup version 0.27.1-33-g824d729ab1 (webtiles) character file.

Game seed: 18375284867745477251

63 SensoryNuts the Skirmisher (level 4, -1/49 HPs)
             Began as an Ogre Monk on Dec 6, 2021.
             Slain by a goblin (4 damage)
             ... on level 3 of the Dungeon.
             The game lasted 00:02:14 (2572 turns).

SensoryNuts the Skirmisher (Ogre Monk)              Turns: 2572, Time: 00:02:15

Health: -1/49      AC:  3    Str: 16    XL:     4   Next: 10%
Magic:  4/4        EV: 10    Int: 11    God:
Gold:   99         SH:  0    Dex: 11    Spells: 3/3 levels left

rFire    . . .     SeeInvis .   a - +0 hand axe
rCold    . . .     Faith    .   (no shield)
rNeg     . . .     Spirit   .   b - +0 robe
rPois    .         Reflect  .   (helmet restricted)
rElec    .         Harm     .   (no cloak)
rCorr    .         Rampage  .   (gloves unavailable)
Will     .....                  (boots unavailable)
Stlth    ++........             (no amulet)
HPRegen  0.16/turn              (no ring)
MPRegen  0.09/turn              (no ring)

@: no status effects
A: large, unfitting armour, tough skin 1
a: no special abilities


You were on level 3 of the Dungeon.
You visited 1 branch of the dungeon, and saw 3 of its levels.

You collected 99 gold pieces.

Inventory:

Hand Weapons
 a - a +0 hand axe (weapon)
Armour
 b - a +0 robe (worn)
Scrolls
 d - 4 scrolls of identify {unknown}
 e - a scroll of acquirement {unknown}
 h - a scroll of immolation {unknown}
 i - a scroll of teleportation {unknown}
 j - a scroll of amnesia {unknown}


   Skills:
 + Level 4.5 Fighting
 + Level 4.0 Axes
 + Level 3.1 Dodging
 + Level 1.6 Stealth


You had 3 spell levels left.
You didn't know any spells.
Your spell library contained the following spells:

 Spells                   Type           Power      Damage    Failure   Level
 Sting                    Tmut/Pois      0%         1d3       34%         1
 Poisonous Vapours        Pois/Air       0%         N/A       47%         2
 Olgreb's Toxic Radiance  Pois           0%         N/A       98%         4


Dungeon Overview and Level Annotations

Branches:
Dungeon (3/15)

Altars:
Okawaru


Innate Abilities, Weirdness & Mutations

You are too large for most types of armour.
You have tough skin. (AC +1)


Message History

The orc misses you.
You barely miss the orc.
The orc is almost dead.
The orc hits you with a +0 club. x2
You closely miss the orc.
The orc is almost dead.
The orc hits you but does no damage.
You completely miss the orc.
The orc is almost dead.
The orc closely misses you.
You slash the orc!
You kill the orc!
The orc barely misses you.
You hit the orc but do no damage. The orc hits you with a +0 flail!
You hit the orc but do no damage. The orc barely misses you.
You hit the orc but do no damage. The orc hits you with a +0 flail!
* * * LOW HITPOINT WARNING * * *
You barely miss the orc. The orc hits you with a +0 flail.
* * * LOW HITPOINT WARNING * * *
You slash the orc!
You kill the orc!
Your Axes skill increases to level 4!
You closely miss the orc. The orc closely misses you.
You aren't carrying any potions.
Unknown command.
You aren't carrying any potions.
You hit the orc.
The orc is heavily wounded.
The orc closely misses you.
You hit the orc.
You kill the orc!
You hit the goblin.
The goblin is moderately wounded.
The goblin hits you with a +0 club.
* * * LOW HITPOINT WARNING * * *
The goblin hits you but does no damage.
You closely miss the goblin.
The goblin is moderately wounded.
The goblin hits you with a +0 club.
You die...

####...# #.(....#
#......# #......#
#......# #......#
#<.....#
#.#......#######.#
#...........g@...#
#..........#######
#..........#
#........o(#
#..........########
#.................#
...................#
.............!.....#
...............#


You could see a goblin.

Vanquished Creatures
  An adder (D:3)
  A worm (D:3)
  2 dart slugs
  4 orcs (D:3)
  2 ball pythons
  2 bats (D:1)
  3 endoplasms
  A giant cockroach (D:2)
  4 goblins
  5 hobgoblins (D:1)
  2 jackals (D:2)
  3 quokkas
  A frilled lizard (D:2)
  5 kobolds
  4 rats
40 creatures vanquished.

Notes
Turn   | Place    | Note
-------+----------+-------------------------------------------
     0 | D:1      | SensoryNuts the Ogre Monk began the quest for the Orb.
     0 | D:1      | Reached XP level 1. HP: 24/24 MP: 1/1
   510 | D:1      | Reached XP level 2. HP: 28/32 MP: 2/2
  1840 | D:2      | Reached XP level 3. HP: 40/40 MP: 3/3
  2174 | D:2      | Found an iron altar of Okawaru.
  2556 | D:3      | Reached XP level 4. HP: 32/49 MP: 4/4
  2572 | D:3      | Slain by a goblin

Illustrated notes

Levels and vault maps discovered:
D:1:      lemuel_arrival_muddy, layout_basic, lemuel_flame_loot_1
D:2:      layout_loops_ring, basic_altar
D:3:      layout_basic, dreamdust_ecumenical_altar_angels_and_demons

Skill      XL: |  1  2  3  4 |
---------------+-------------+-----
Dodging        | 3 |  3.1
Axes           | 4 |  4.0
Fighting       | |  4.5
Stealth        | |  1.6

Action                   |  1- 3 |  4- 6 || total
-------------------------+-------+-------++-------
Melee: Hand axe          |   118 |    17 ||   135
  Use: Potion            |     3 |       ||     3
 Stab: Sleeping          |     2 |       ||     2
Armor: Robe              |    29 |     2 ||    31
Dodge: Dodged            |    63 |     7 ||    70
